 Dungeon Crawl Stone Soup version 0.26.0-45-g9c1d065592 (webtiles) character file.

Game seed: 5511823977806439386

774 trckry the Ruffian (level 7, 0/65 (66) HPs)
             Began as a Troll Chaos Knight on Jan 31, 2021.
             Was a Plaything of Xom.
             Slain by a sixfirhy (12 damage)
             ... summoned by Xom
             ... on level 4 of the Dungeon.
             The game lasted 00:10:32 (2937 turns).

trckry the Ruffian (Troll Chaos Knight)             Turns: 2937, Time: 00:10:32

HP:   0/65 (66)     AC: 11    Str: 21      XL:     7   Next: 53%
MP:   6/6           EV: 10    Int:  8      God:    Xom [......]
Gold: 220           SH:  0    Dex:  6 (9)  Spells: 6/6 levels left

rFire    . . .     SeeInvis +     - Unarmed
rCold    + + +     Faith    +   (no shield)
rNeg     . . .     Spirit   .   u - +4 skin of Zhor {Englaciate rC+++ SInv}
rPois    .         Reflect  .   (helmet restricted)
rElec    .         Harm     .   l - +0 cloak
rCorr    .         Rampage  .   (gloves unavailable)
Will     .....                  (boots unavailable)
Stlth    +.........             g - amulet of faith
HPRegen  0.60/turn              (no ring)
MPRegen  0.10/turn              (no ring)

@: liquid flames, glowing, lightly drained
A: large, unfitting armour, claws 3, regeneration 1, shaggy fur 1, tough skin 3,
weak 1
a: Renounce Religion


You were on level 4 of the Dungeon.
You worshipped Xom.
You were a very special plaything of Xom.
You visited 1 branch of the dungeon, and saw 4 of its levels.
You also visited: Sewer.

You collected 220 gold pieces.

Inventory:

Missiles
 q - 31 poisoned darts (quivered)
Armour
 l - a +0 cloak (worn)
 m - a scarf of invisibility
 u - the +4 skin of Zhor (worn) {Englaciate rC+++ SInv}
   (You found it on level 4 of the Dungeon)

   It renders you almost immune to cold.
   It lets you see invisible.
Jewellery
 g - an amulet of faith (around neck)
Wands
 a - a wand of flame (14)
Scrolls
 b - 6 scrolls of remove curse {unknown}
 c - 4 scrolls of fear {unknown}
 e - 3 scrolls of teleportation {unknown}
 i - 3 scrolls of identify {unknown}
 j - 2 scrolls of blinking {unknown}
 k - a scroll of immolation {unknown}
 n - a scroll of magic mapping {unknown}
 p - a scroll of enchant armour {unknown}
 s - a scroll of random uselessness {unknown}
Potions
 d - a potion of degeneration {unknown}
 h - a potion of magic {unknown}
 o - a potion of berserk rage {unknown}
 r - a potion of mutation {unknown}
 t - 3 potions of curing {unknown}


   Skills:
 + Level 2.7 Fighting
 + Level 3.6 Throwing
 + Level 1.0 Armour
 + Level 2.3 Dodging
 * Level 7.1 Unarmed Combat
 + Level 0.9 Evocations


You had 6 spell levels left.
You didn't know any spells.
Your spell library contained the following spells:

 Spells                   Type           Power        Failure   Level
 Corpse Rot               Necr/Air       N/A          54%         2
 Passwall                 Tmut/Erth      0%           54%         2
 Swiftness                Air            0%           54%         2
 Stone Arrow              Conj/Erth      0%           78%         3
 Passage of Golubria      Tloc           N/A          99%         4
 Lee's Rapid Deconstruct  Erth           0%           100%        5
 Summon Forest            Summ/Tloc      0%           100%        5
 Eringya's Noxious Bog    Tmut/Pois      0%           100%        6
 Hydra Form               Tmut           0%           100%        6
 Invisibility             Hex            0%           100%        6
 Summon Hydra             Summ           0%           100%        7


Dungeon Overview and Level Annotations

Branches:
Dungeon (4/15)              Sewer (visited)
 Temple: D:4-7

Altars:
Cheibriados
Gozag
Qazlal
Xom


Innate Abilities, Weirdness & Mutations

You are too large for most types of armour.
You have claws for hands.
Your natural rate of healing is unusually fast.
You are covered in fur. (AC +1)
You have extremely tough skin. (AC +3)
You are weak. (Str -2)


Message History

The white imp is unaffected.
The sixfirhy hits you! The sixfirhy shocks you! The sixfirhy hits you.
The sixfirhy shocks you! The soul eater hits you.
You feel drained. The white imp closely misses you.
The sixfirhy barely misses you. The smoke demon gestures at you.
The sticky flame hits you but does no damage.
You are covered in liquid flames!
You radiate an aura of cold.
The white imp is unaffected.
The soul eater is unaffected.
The sixfirhy seems to slow down.
The smoke demon resists.
You are covered in liquid flames!
The sixfirhy hits you. The sixfirhy shocks you!
* * * LOW HITPOINT WARNING * * *
The white imp closely misses you.
The soul eater hits you but does no damage.
The sixfirhy hits you.
* * * LOW HITPOINT WARNING * * *
The sixfirhy shocks you!
You die... "It's all fun and games until someone loses an eye."

###.#.#... ###.#..#
###..# ##..## ##....#
#...... #####......
########..........
#####@5.............).
#...33#####..##.......
#.###.3## ##.#..###...
#.#...## ##...#.#...
##.##..###..##.##...
#....#.#...#...#.#.....
#.#..##.##...##.##.....
##...#.#...#.#...##.#
##..##.###.##..####.


You could see a soul eater (summoned), a sixfirhy (summoned, slow), a smoke
demon (summoned, slow) and a white imp (summoned).

Vanquished Creatures
  Sigmund (D:2)
  A phantom (D:4)
  2 ogres
  A howler monkey (D:4)
  Crazy Yiuf (D:2)
  An iguana (D:4)
  A worker ant (D:4)
  2 hound skeletons (D:4)
  6 adders
  An adder skeleton (D:4)
  5 worms (D:3)
  2 dart slugs
  3 leopard geckos
  4 orcs (D:3)
  A ball python (D:3)
  A giant cockroach (D:3)
  6 goblins
  A hobgoblin (D:2)
  6 jackals (D:3)
  A quokka (D:4)
  12 bats
  4 frilled lizards
  3 kobolds
  17 rats
83 creatures vanquished.

Vanquished Creatures (collateral kills)
  Purgy (Sewer)
1 creature vanquished.

Vanquished Creatures (others)
  2 plants (D:3)
2 creatures vanquished.

Grand Total: 86 creatures vanquished

Notes
Turn   | Place    | Note
-------+----------+-------------------------------------------
     0 | D:1      | trckry the Troll Chaos Knight began the quest for the Orb.
     0 | D:1      | Reached XP level 1. HP: 22/22 MP: 0/0
   182 | D:1      | Reached XP level 2. HP: 29/29 MP: 1/1
   402 | D:1      | XOM: noise
   540 | D:2      | Found a stormy altar of Qazlal.
   607 | D:2      | Found an opulent altar of Gozag.
   613 | D:2      | Noticed an ogre
   628 | D:2      | HP: 3/29 [ogre/+0 giant club (26)]
   631 | D:2      | Killed an ogre
   632 | D:2      | Reached skill level 1 in Throwing
   632 | D:2      | Reached skill level 4 in Unarmed Combat
   632 | D:2      | Reached XP level 3. HP: 6/36 MP: 2/2
   632 | D:2      | Reached XP level 4. HP: 7/44 MP: 3/3
   633 | D:2      | HP: 6/44 [adder (2)]
   671 | D:2      | XOM: silly message
   686 | D:2      | XOM: silly message
   775 | D:2      | Reached skill level 5 in Unarmed Combat
   803 | D:2      | XOM: cloud trail
   942 | D:2      | Found a faded altar of an unknown god.
   984 | D:2      | Found a runed translucent door.
   985 | D:2      | Noticed Crazy Yiuf
  1037 | D:2      | XOM: noise
  1145 | D:2      | Reached XP level 5. HP: 46/50 MP: 4/4
  1193 | D:2      | Noticed Sigmund
  1194 | D:2      | XOM: enchant monster (good)
  1200 | D:2      | Killed Sigmund
  1201 | D:2      | Reached skill level 6 in Unarmed Combat
  1201 | D:2      | Reached XP level 6. HP: 59/59 MP: 5/5
  1275 | D:2      | Killed Crazy Yiuf
  1445 | D:3      | XOM: cloud trail
  1561 | D:3      | Found a glowing drain.
  1571 | Sewer    | Entered a sewer
  1616 | Sewer    | Noticed Purgy
  1616 | Sewer    | XOM: summons 6 friendly demons
  1629 | Sewer    | Killed Purgy
  1640 | Sewer    | XOM: god gift: book of Burglary
  1764 | D:3      | Found a snail-covered altar of Cheibriados.
  1773 | D:3      | XOM: noise
  1778 | D:3      | XOM: smoke on damage
  2160 | D:3      | XOM: noise
  2161 | D:3      | XOM: summons 4 hostile demons
  2282 | D:3      | XOM: stat loss: -1 Int (7/8)
  2306 | D:4      | XOM: give mutations
  2306 | D:4      | Gained mutation: You are dopey. (Int -2) [Xom's mischief]
  2306 | D:4      | Lost mutation: You are dopey. (Int -2) [Xom's mischief]
  2306 | D:4      | Gained mutation: You are weak. (Str -2) [Xom's mischief]
  2320 | D:4      | Found a shimmering altar of Xom.
  2326 | D:4      | Reached XP level 7. HP: 60/66 MP: 6/6
  2402 | D:4      | XOM: silly message
  2468 | D:4      | Reached skill level 7 in Unarmed Combat
  2598 | D:4      | Reached skill level 1 in Armour
  2720 | D:4      | Found the +4 skin of Zhor {Englaciate rC+++ SInv}
  2868 | D:4      | XOM: summons 4 hostile demons
  2934 | D:4      | XOM: summons 4 hostile demons
  2935 | D:4      | Noticed a smoke demon
  2935 | D:4      | Noticed a soul eater
  2935 | D:4      | Noticed a sixfirhy
  2937 | D:4      | Slain by a sixfirhy

Illustrated notes

Levels and vault maps discovered:
D:1:      saegor_arrival_miasma, layout_basic, chequers_serial_rivers_room_b
D:2:      layout_loops_ring, nicolae_gozag_seed_capital,
          chequers_ecumenical_altar_island, minmay_crystal_room,
          nicolae_qazlal_general_emergency, uniq_crazy_yiuf_cottage,
          uniq_sigmund
D:3:      layout_loops_ring, cheibriados_altar_1, lightli_sewer_entry_pipes,
          serial_bayou, serial_bayou_ford_a, serial_bayou_pond_e,
          serial_bayou_shore_b, serial_bayou_pond_a, minmay_misc_feat_doors
D:4:      layout_cave_pools, overflow_temple_1_default, minmay_vboxes

Skill      XL: |  1  2  3  4  5  6  7 |
---------------+----------------------+-----
Throwing       | 1 2 3 |  3.6
Unarmed Combat | 4 5 6 7 |  7.1
Dodging        | 2 |  2.3
Armour         | 1 |  1.0
Fighting       | |  2.7
Evocations     | |  0.9

Action                   |  1- 3 |  4- 6 |  7- 9 || total
-------------------------+-------+-------+-------++-------
Melee: Unarmed           |    44 |   191 |    51 ||   286
       Punch             |     2 |     2 |     3 ||     7
 Stab: Sleeping          |       |     2 |       ||     2
       Paralysed         |       |     4 |       ||     4
Armor: Robe              |    23 |   121 |    12 ||   156
       Animal skin       |       |       |     9 ||     9
Dodge: Dodged            |    37 |   119 |    22 ||   178
